 Dungeon Crawl Stone Soup version 0.29-a0-356-g7bc237e783 (webtiles) character file.

Game seed: 296736281606752692

90137 jlumianski the Slicer (level 15, -1/117 (119) HPs)
             Began as a Demonspawn Fighter on Apr 24, 2022.
             Was a High Priest of Wu Jian.
             Slain by an eight-headed hydra (2 damage)
             ... on level 2 of the Swamp on Apr 25, 2022.
             The game lasted 02:36:26 (32785 turns).

jlumianski the Slicer (Demonspawn Fighter)         Turns: 32785, Time: 02:36:26

HP:   -1/117 (119)  AC: 24    Str: 16    XL:     15   Next: 51%
MP:   0/15          EV: 17    Int: 10    God:    Wu Jian [*****.]
Gold: 1718          SH:  5    Dex: 20    Spells: 14/14 levels left

rFire   . . .      SeeInvis .   r - +5 dagger (venom)
rCold   + . .      Faith    .   (no shield)
rNeg    . . .      Spirit   +   e - +0 swamp dragon scales
rPois   +          Reflect  +   i - +0 helmet
rElec   +          Harm     .   (cloak unavailable)
rCorr   .          Rampage  .   n - +2 pair of gloves
Will    +....                   x - +1 pair of boots
Stlth   ++++......              d - amulet of reflection
HPRegen 0.29/turn               u - +4 ring of protection
MPRegen 0.28/turn               g - ring "Wuhomos" {rElec rC+ Slay+3}

@: lightly drained
A: icy blue scales 2, demonic guardian 2, augmentation 1, magic shield, magic
regeneration, weakness stinger 3
a: Renounce Religion, Wall Jump, Serpent's Lash, Heavenly Storm


You were on level 2 of the Swamp.
You worshipped Wu Jian.
Wu Jian was extremely pleased with you.
You visited 5 branches of the dungeon, and saw 26 of its levels.
You also visited: Ice Cave.

You collected 2639 gold pieces.
You spent 921 gold pieces at shops.

Inventory:

Hand Weapons
 r - a +5 dagger of venom (weapon)
Missiles
 j - 15 boomerangs (quivered)
 p - 2 atropa-tipped darts
 G - 2 throwing nets
 O - 6 curare-tipped darts
 Q - 6 silver javelins
Armour
 e - +0 swamp dragon scales (worn)
 f - the +4 ring mail of Hepliaklqana's Delight {Stlth+}
   (You found it on level 4 of the Dungeon)

   Stlth:     It makes you more stealthy.
 i - a +0 helmet (worn)
 n - a +2 pair of gloves (worn)
 x - a +1 pair of boots (worn)
 Y - a +0 kite shield of reflection
Jewellery
 d - an amulet of reflection (around neck)
 g - the ring "Wuhomos" (right hand) {rElec rC+ Slay+3}
   (You found it in an ice cave)

   [ring of protection from cold]

   Slay:      It affects your accuracy & damage with ranged weapons and melee
   (+3).
   rC:        It protects you from cold.
   rElec:     It insulates you from electricity.
 h - a ring of see invisible
 o - a ring of resist corrosion
 u - a +4 ring of protection (left hand)
 y - a ring of flight
 I - a ring of willpower
 L - a ring of ice
 U - a ring of protection from fire
Wands
 a - a wand of acid (2)
 b - a wand of iceblast (17)
 c - a wand of polymorph (4)
 m - a wand of flame (29)
 t - a wand of mindburst (4)
 B - a wand of charming (6)
 E - a wand of paralysis (5)
Scrolls
 k - 6 scrolls of teleportation
 l - 3 scrolls of blinking
 v - 13 scrolls of identify
 F - a scroll of silence
 S - 2 scrolls of fear
 W - a scroll of summoning
Potions
 q - a potion of flight
 w - a potion of curing
 H - 2 potions of heal wounds
 K - a potion of invisibility
 M - a potion of resistance
 P - 4 potions of might
 R - a potion of berserk rage
 T - 2 potions of haste
Miscellaneous
 s - a condenser vane (inert)
 D - a piece from Xom's chessboard (15/15)
 J - a phial of floods (inert)
 V - a phantom mirror (inert)


   Skills:
 + Level 11.4 Fighting
 + Level 13.7 Short Blades
 + Level 4.3 Throwing
 + Level 9.9 Armour
 + Level 10.1 Dodging
 + Level 10.6 Stealth
 + Level 10.5 Shields
 + Level 0.8 Evocations


You had 14 spell levels left.
You didn't know any spells.
Your spell library contained the following spells:

 Spells                   Type           Power      Damage    Failure   Level
 Apportation              Tloc           0%         N/A       54%         1
 Sandblast                Erth           0%         2d4       54%         1
 Slow                     Hex            0%         N/A       54%         1
 Corpse Rot               Necr/Air       0%         N/A       67%         2
 Ensorcelled Hibernation  Hex/Ice        0%         N/A       67%         2
 Passwall                 Tmut/Erth      0%         N/A       67%         2
 Confusing Touch          Hex            0%         N/A       88%         3
 Portal Projectile        Hex/Tloc       0%         N/A       88%         3
 Spider Form              Tmut/Pois      0%         N/A       88%         3
 Stone Arrow              Conj/Erth      0%         3d7       88%         3
 Vampiric Draining        Necr           0%         2d6       88%         3
 Anguish                  Hex/Necr       0%         N/A       99%         4
 Dispel Undead            Necr           0%         3d6       99%         4
 Alistair's Intoxication  Tmut/Pois      0%         N/A       100%        5
 Blade Hands              Tmut           0%         N/A       100%        5
 Excruciating Wounds      Necr           0%         N/A       100%        5
 Freezing Cloud           Conj/Ice/Air   0%         6-21      100%        5
 Death Channel            Necr           0%         N/A       100%        6
 Simulacrum               Ice/Necr       0%         N/A       100%        6
 Borgnjor's Revivificati  Necr           0%         N/A       100%        8
 Necromutation            Tmut/Necr      0%         N/A       100%        8
 Death's Door             Necr           0%         N/A       100%        9
 Polar Vortex             Ice            0%         N/A       100%        9


Dungeon Overview and Level Annotations

Branches:
Dungeon (14/15)            Temple (1/1) D:6            Lair (6/6) D:9
  Swamp (3/4) Lair:4       Spider (0/4) Lair:2        Slime (0/5) Lair:5
    Orc (2/2) D:12            Elf (0/3) Orc:2         IceCv (visited)
 Vaults: D:13-14

Altars:
Ashenzari
Elyvilon
Fedhas
Hepliaklqana
Kikubaaqudgha
Makhleb
Trog
Uskayaw
Vehumet
Wu Jian
Xom
Beogh

Shops:
D:4 =   Orc:1 *   Orc:2 [([(*

Portals:
Hell: Lair:6

Annotations:
D:4 Menkaure


Innate Abilities, Weirdness & Mutations

You are mostly covered in icy blue scales. (AC +3)
A demonic guardian rushes to your aid.
Your magical and physical power is slightly enhanced at high health.
When hurt, damage is shared between your health and your magic reserves.
You regenerate magic rapidly.
You have a sharp stinger which inflicts weakening toxins.


Message History

A spriggan druid comes into view. It is wielding a +0 quarterstaff.
The alligator misses you. You block the alligator's attack.
Your soul eater hits the eight-headed hydra!!
The alligator bites you but does no damage.
The alligator tail-slaps you but does no damage.
The alligator bites you!
* * * LOW HITPOINT WARNING * * *
The alligator tail-slaps you but does no damage.
Blink to where?
Press: ? - help, Dir - move target
As you read the scroll of blinking, it crumbles to dust.
The alligator closely misses something. x2
There is a stone staircase leading up here.
The alligator bites something but does no damage.
The alligator tail-slaps something.
The alligator bites something.
The alligator completely misses something.
The eight-headed hydra bites you but does no damage. x2
The eight-headed hydra misses you.
The eight-headed hydra closely misses you.
The eight-headed hydra bites you!
* * * LOW HITPOINT WARNING * * *
A demonic guardian appears!
The eight-headed hydra closely misses you.
The eight-headed hydra bites you!
* * * LOW HITPOINT WARNING * * *
The eight-headed hydra barely misses you.
You climb upwards.
There is a stone staircase leading down here.
You puncture the eight-headed hydra!
The eight-headed hydra is poisoned.
The eight-headed hydra is heavily wounded.
You hit the eight-headed hydra.
The eight-headed hydra is heavily wounded.
The eight-headed hydra bites you.
* * * LOW HITPOINT WARNING * * *
The eight-headed hydra bites you!
* * * LOW HITPOINT WARNING * * *
The eight-headed hydra barely misses you.
The eight-headed hydra completely misses you.
The eight-headed hydra bites you.
You die...

♣..♣♣♣♣♣≈§♣..≈♣ ♣≈.≈♣≈.≈.♣
♣♣..♣
.≈≈♣♣♣♣♣≈≈♣♣≈≈♣♣♣≈≈≈.≈..♣♣
♣.≈.♣
≈§...♣♣.♣♣♣♣♣♣.♣♣≈)≈≈≈≈♣♣
♣♣≈.♣ ...♣♣≈≈♣♣
♣♣♣♣.≈♣≈♣.♣ ♣.≈≈♣ ♣.♣♣♣≈≈♣
♣♣♣♣♣≈≈≈≈≈.♣ ♣.≈♣♣
≈...?♣♣♣ ♣.♣.≈.≈≈..♣♣
♣♣..♣. .≈♣♣♣♣
♣♣♣♣.≈≈≈§§.≈..♣ ♣≈.≈♣♣ ≈♣♣
♣♣♣.♣♣...≈..≈.>♣♣ ♣♣≈..♣♣
♣♣ ♣.≈≈.≈≈..@≈≈≈..♣
♣.....♣ ♣♣♣
♣♣.♣≈≈...D≈.≈...♣ ♣.♣<..♣
♣^♣♣♣♣♣.♣≈≈....≈≈.≈≈♣.♣
♣.....♣
...♣♣≈♣♣.≈≈≈♣.≈≈≈≈≈≈≈≈♣♣
♣...[.♣
♣..♣.≈.♣.≈.≈≈≈≈♣≈...§..♣
♣.≈.≈♣♣
....≈≈....≈≈≈.≈≈≈.≈..≈.♣
♣♣.§≈≈♣♣
≈≈...≈....♣♣♣♣..≈.≈.≈≈.♣
♣...≈.♣.
≈≈≈.≈≈≈...###♣≈≈≈.♣≈..≈♣
♣.§≈..♣♣
≈≈≈≈≈.≈≈≈≈≈≈#♣≈≈§≈≈≈.≈≈♣
♣.≈≈≈...


You could see an eight-headed hydra (very poisoned).

Vanquished Creatures
  Jorgrun (Swamp:2)
  2 thorn hunters
  Donald (Swamp:2)
  An orc warlord (Orc:2)
  A quicksilver ooze (Lair:5)
  3 eleionomae
  2 dire elephants (Lair:6)
  A white draconian (IceCv)
  Snorg (Lair:4)
  A fire dragon (D:12)
  The ghost of Losulif the Fighter, a journeyman MiMo of Jiyva (Lair:3)
  A shambling mangrove (Swamp:2)
  A hell beast (Lair:6)
  11 hydras
  Fannar (Lair:3)
  3 boulder beetles
  2 two-headed ogres
  2 alligators (Swamp:1)
  2 orc high priests
  Sonja (Lair:4)
  The ghost of SirDiesAlot the Thaumaturge, a journeyman DEEE of the Shining One (D:11)
  3 goliath frogs
  A spriggan druid (Swamp:1)
  A swamp dragon (Swamp:1)
  A deep troll (D:11)
  Pikel (Temple)
  A bog body (Lair:4)
  A wizard (Lair:6)
  4 orc knights
  A deep elf pyromancer (D:11)
  2 oklob plants (Lair:5)
  A wolf spider (Lair:2)
  5 orc sorcerers
  4 will-o-the-wisps
  A moth of wrath (D:11)
  4 elephants
  9 cane toads
  5 black mambas
  2 ice statues (IceCv)
  3 orange demons (Lair:6)
  11 komodo dragons
  4 kobold demonologists (D:10)
  Psyche (D:12)
  2 unseen horrors
  10 rime drakes
  2 ice devils (Lair:6)
  A hellwing (Lair:6)
  A red devil (Lair:6)
  A queen bee (Lair:4)
  3 meliai (Lair:4)
  A bloated husk (Swamp:2)
  2 polar bears
  3 hornets
  6 trolls
  7 tyrant leeches
  Prince Ribbit (D:8)
  14 blink frogs
  9 slime creatures
  2 spriggans (Swamp:1)
  2 vampires (D:11)
  A shadow (D:11)
  17 yaks
  5 basilisks
  3 wyverns
  2 steam dragons
  A death yak simulacrum (Lair:1)
  5 wargs
  3 swamp worms (Swamp:1)
  An acid dragon (D:12)
  16 water moccasins
  4 hell hounds (Lair:6)
  37 orc warriors
  5 sky beasts
  3 black bears
  8 ice beasts
  5 swamp drakes
  4 centaurs
  7 ogres
  9 wolves (Lair:3)
  2 phantoms
  4 kobold brigands
  9 bullfrogs
  A necrophage (D:8)
  2 scorpions
  14 wights
  21 killer bees
  4 howler monkeys
  5 lindwurm simulacra (IceCv)
  3 electric eels
  7 jellies
  4 komodo dragon simulacra (IceCv)
  Crazy Yiuf (D:3)
  A hound (D:6)
  25 orc priests
  An iguana (D:4)
  Jessica (D:2)
  21 orc wizards
  2 polar bear simulacra (Lair:1)
  3 gnolls
  4 acid dragon simulacra (IceCv)
  3 adders
  2 shadow imps
  A white imp (D:8)
  8 steam dragon simulacra (IceCv)
  5 worms
  2 dart slugs
  99 orcs
  5 ball pythons
  5 bats
  12 endoplasms
  3 giant cockroaches (D:2)
  10 goblins
  7 hobgoblins
  3 jackals (D:1)
  3 quokkas
  5 frilled lizards
  14 kobolds
  2 rats
633 creatures vanquished.

Vanquished Creatures (collateral kills)
  A boulder beetle (D:11)
  A hydra (Lair:2)
  A spriggan druid (Swamp:1)
  A swamp dragon (Swamp:1)
  An oklob plant (Swamp:1)
  An orc sorcerer (Orc:2)
  A will-o-the-wisp (Swamp:2)
  A cane toad (Lair:2)
  A troll (D:9)
  2 tyrant leeches (Swamp:1)
  A blink frog (Lair:5)
  A hornet (Swamp:2)
  A yak (D:12)
  A warg (D:9)
  6 orc warriors
  A lemure (Temple)
  A scorpion (D:5)
  5 orc priests
  2 orc wizards
  8 orcs
38 creatures vanquished.

Vanquished Creatures (others)
  A fenstrider witch (Swamp:2)
  A bloated husk (Swamp:2)
  An orc wizard (Orc:2)
  An orc (Orc:2)
  40 foxfires
  13 fungi
  14 plants
71 creatures vanquished.

Grand Total: 742 creatures vanquished

Notes
Turn   | Place    | Note
-------+----------+-------------------------------------------
     0 | D:1      | jlumianski the Demonspawn Fighter began the quest for the
                  | Orb.
     0 | D:1      | Reached XP level 1. HP: 18/18 MP: 1/1
   414 | D:1      | Gained mutation: You have a small tail. [demonic ancestry]
   414 | D:1      | Reached XP level 2. HP: 12/24 MP: 2/2
  1202 | D:2      | Reached skill level 2 in Short Blades
  1338 | D:2      | Gained mutation: You are partially covered in icy blue
                  | scales. (AC +2) [demonic ancestry]
  1338 | D:2      | Reached XP level 3. HP: 26/29 MP: 3/3
  1370 | D:2      | Noticed Jessica
  1392 | D:2      | Noticed a phantom
  1415 | D:2      | Killed Jessica
  1423 | D:2      | Killed a phantom
  1424 | D:2      | Reached skill level 1 in Dodging
  1424 | D:2      | Gained mutation: A weak demonic guardian rushes to your
                  | aid. [demonic ancestry]
  1424 | D:2      | Reached XP level 4. HP: 4/36 MP: 4/4
  1900 | D:2      | Gained mutation: You have a tail ending in a sharp stinger.
                  | [demonic ancestry]
  1900 | D:2      | Reached XP level 5. HP: 38/41 MP: 5/5
  2243 | D:3      | Found a runed translucent door.
  2244 | D:3      | Noticed Crazy Yiuf
  2740 | D:3      | Reached skill level 1 in Throwing
  2938 | D:3      | Killed Crazy Yiuf
  2939 | D:3      | Reached skill level 3 in Short Blades
  2998 | D:4      | Identified the +4 ring mail of Hepliaklqana's Delight
                  | {Stlth+}
  3020 | D:4      | Noticed a phantom
  3032 | D:4      | Killed a phantom
  3033 | D:4      | Gained mutation: A demonic guardian rushes to your aid.
                  | [demonic ancestry]
  3033 | D:4      | Reached XP level 6. HP: 43/48 MP: 6/6
  3115 | D:4      | Found an ancient bone altar of Kikubaaqudgha.
  3174 | D:4      | Found Kuggyego's Jewellery Emporium.
  3234 | D:4      | Found a blossoming altar of Fedhas.
  3340 | D:4      | Reached skill level 1 in Stealth
  3583 | D:4      | Reached skill level 4 in Short Blades
  3583 | D:4      | Gained mutation: Your magical and physical power is
                  | slightly enhanced at high health. [demonic ancestry]
  3583 | D:4      | Reached XP level 7. HP: 43/54 MP: 7/7
  3782 | D:5      | Entered Level 5 of the Dungeon
  3782 | D:5      | Noticed Menkaure
  4500 | D:5      | Reached skill level 5 in Short Blades
  4500 | D:5      | Reached XP level 8. HP: 61/61 MP: 8/8
  4734 | D:6      | Reached skill level 5 in Fighting
  4822 | D:6      | Reached skill level 6 in Short Blades
  5113 | D:6      | Noticed Pikel
  5116 | D:6      | Found a staircase to the Ecumenical Temple.
  5125 | Temple   | Entered the Ecumenical Temple
  5135 | Temple   | Killed Pikel
  5136 | Temple   | Reached skill level 7 in Short Blades
  5136 | Temple   | Gained mutation: You have a sharp stinger which inflicts
                  | weakening toxins. [demonic ancestry]
  5136 | Temple   | Reached XP level 9. HP: 39/68 MP: 9/9
  5360 | Temple   | Became a worshipper of the Wu Jian Council
  6608 | D:7      | Reached skill level 5 in Armour
  6847 | D:8      | Reached skill level 8 in Short Blades
  6855 | D:8      | Reached * piety under Wu Jian
  7165 | D:8      | Noticed Prince Ribbit
  7169 | D:8      | Killed Prince Ribbit
  7170 | D:8      | Reached XP level 10. HP: 76/76 MP: 10/10
  7692 | D:9      | Found a staircase to the Lair.
  8642 | D:9      | Identified the +6 hand axe of Discord {pain, rN+ Int+6
                  | Dex-4}
  8954 | D:10     | Entered Level 10 of the Dungeon
  8957 | D:10     | Reached skill level 5 in Stealth
  9053 | D:10     | Reached skill level 9 in Short Blades
  9058 | D:10     | Reached ** piety under Wu Jian
  9105 | D:10     | Noticed a sixfirhy
  9458 | D:10     | Reached skill level 5 in Shields
  9906 | D:10     | Reached XP level 11. HP: 83/83 MP: 11/11
 10453 | D:11     | Noticed a boulder beetle
 10469 | D:11     | Killed a boulder beetle
 10578 | D:11     | Identified the +6 quarterstaff of Quantum Leap {freeze,
                  | +Blink rN+ MP+9 Str-5}
 10712 | D:11     | Noticed a deep elf pyromancer
 10717 | D:11     | Killed a deep elf pyromancer
 10718 | D:11     | Reached skill level 10 in Short Blades
 10718 | D:11     | Reached skill level 5 in Dodging
 10894 | D:11     | You fall into a shaft and drop 3 floors!
 10896 | D:14     | Noticed a seven-headed hydra
 10910 | D:13     | Killed a seven-headed hydra
 11112 | D:13     | Noticed a centaur warrior
 11144 | D:13     | Noticed a boulder beetle
 11190 | D:13     | Killed a boulder beetle
 11285 | D:12     | Noticed Psyche
 11301 | D:12     | Killed Psyche
 11322 | D:12     | Noticed a two-headed ogre
 11326 | D:12     | Found a staircase to the Orcish Mines.
 11336 | D:12     | Killed a two-headed ogre
 11348 | D:12     | Noticed a fire dragon
 11669 | D:11     | Reached *** piety under Wu Jian
 11772 | D:11     | Noticed a boulder beetle
 11789 | D:11     | Killed a boulder beetle
 11847 | D:11     | Found a transporter.
 11854 | D:11     | Found a transporter.
 11860 | D:11     | Found a bloodstained altar of Trog.
 11860 | D:11     | Noticed a deep troll
 11862 | D:11     | Noticed a two-headed ogre
 11866 | D:11     | Noticed SirDiesAlot's ghost (journeyman DEEE)
 12030 | D:11     | Killed SirDiesAlot's ghost
 12329 | D:11     | Killed a two-headed ogre
 12444 | D:11     | HP: 5/129 [orc warrior/+0 long sword (8)]
 12796 | D:11     | Reached skill level 11 in Short Blades
 12870 | D:11     | Killed a deep troll
 13409 | D:12     | Gained mutation: You regenerate magic rapidly. [demonic
                  | ancestry]
 13409 | D:12     | Reached XP level 12. HP: 92/92 MP: 12/12
 13497 | D:12     | Killed a fire dragon
 14929 | Lair:1   | Entered Level 1 of the Lair of Beasts
 14995 | Lair:1   | Found a frozen archway.
 15008 | IceCv    | Entered an ice cave
 15558 | IceCv    | Noticed a white draconian
 15558 | IceCv    | Found the amulet of the Air {Inacc Air Fly rElec RMsl}
 15876 | IceCv    | Killed a white draconian
 15877 | IceCv    | Reached skill level 12 in Short Blades
 16055 | IceCv    | Identified the ring "Wuhomos" {rElec rC+ Slay+3}
 17095 | Lair:2   | Found a gate leading to a gauntlet.
 17099 | Lair:2   | Found a hole to the Spider Nest.
 17127 | Lair:2   | Reached **** piety under Wu Jian
 17204 | Lair:2   | Noticed a six-headed hydra
 17218 | Lair:2   | Killed a six-headed hydra
 17685 | Lair:2   | Noticed a four-headed hydra
 17692 | Lair:2   | Killed a four-headed hydra
 17827 | Lair:2   | Reached XP level 13. HP: 91/101 MP: 13/13
 18452 | Lair:3   | Found a runed translucent door.
 18455 | Lair:3   | Noticed Losulif's ghost (journeyman MiMo)
 18540 | Lair:3   | Noticed Fannar
 18579 | Lair:3   | Killed Fannar
 19116 | Lair:3   | Killed Losulif's ghost
 19360 | Lair:4   | Found a staircase to the Swamp.
 19392 | Lair:4   | Noticed Snorg
 19409 | Lair:4   | Killed Snorg
 19546 | Lair:4   | Noticed Sonja
 19554 | Lair:4   | Killed Sonja
 19564 | Lair:4   | Reached skill level 10 in Fighting
 19854 | Lair:4   | Reached ***** piety under Wu Jian
 21241 | Lair:5   | Identified the +7 spear "Addolle" {vorpal, Int+3 SInv}
 21304 | Lair:5   | Noticed a quicksilver ooze
 21333 | Lair:5   | Killed a quicksilver ooze
 21611 | Lair:5   | Found a staircase to the Slime Pits.
 22115 | Lair:5   | Gained mutation: You are mostly covered in icy blue scales.
                  | (AC +3) [demonic ancestry]
 22115 | Lair:5   | Reached XP level 14. HP: 105/111 MP: 14/14
 22193 | Lair:6   | Entered Level 6 of the Lair of Beasts
 22193 | Lair:6   | Found a hazy altar of Hepliaklqana.
 22487 | Lair:6   | Reached skill level 13 in Short Blades
 23341 | Lair:6   | Found a burning altar of Makhleb.
 23978 | Lair:6   | Found a gateway to Hell.
 23985 | Lair:6   | Identified the +8 flail of Sagyex {flame, *Noise rElec
                  | Will+ Dex+2}
 24359 | Orc:1    | Entered Level 1 of the Orcish Mines
 24669 | Orc:1    | You fall into a shaft and drop 1 floor!
 24669 | Orc:2    | Entered Level 2 of the Orcish Mines
 25169 | Orc:1    | Found Giyrgh's General Store.
 25450 | Orc:1    | Bought a scroll of blinking for 127 gold pieces
 25450 | Orc:1    | Bought a scroll of blinking for 127 gold pieces
 25450 | Orc:1    | Bought a scroll of enchant weapon for 127 gold pieces
 25692 | Orc:2    | Found Dalach's Antique Armour Shop.
 25706 | Orc:2    | Found a staircase to the Elven Halls.
 25836 | Orc:2    | Paralysed by an orc sorcerer for 7 turns
 26317 | Orc:2    | Noticed an orc warlord
 26956 | Orc:2    | Killed an orc warlord
 27001 | Orc:2    | Paralysed by an orc sorcerer for 5 turns
 27221 | Orc:2    | Found Gasyl's Antique Weapon Shoppe.
 27389 | Orc:2    | Found Wulofoczu's Antique Weapon Shoppe.
 27404 | Orc:2    | Found Zutoul's Antique Armour Emporium.
 27611 | Orc:2    | Found Ejutiffoeq's General Store.
 27627 | Orc:2    | Bought a condenser vane for 480 gold pieces
 27627 | Orc:2    | Bought a potion of heal wounds for 60 gold pieces
 27908 | Lair:1   | Upgraded the game from 0.29-a0-352-g0917bc69df to
                  | 0.29-a0-356-g7bc237e783
 28328 | Swamp:1  | Entered Level 1 of the Swamp
 28380 | Swamp:1  | Noticed a fenstrider witch
 28874 | Swamp:2  | Gained mutation: When hurt, damage is shared between your
                  | health and your magic reserves. [demonic ancestry]
 28874 | Swamp:2  | Reached XP level 15. HP: 27/119 MP: 15/15
 29197 | Swamp:2  | Paralysed by a fenstrider witch for 3 turns
 29199 | Swamp:2  | Killed a fenstrider witch
 29200 | Swamp:2  | Reached skill level 10 in Stealth
 29377 | Swamp:1  | Reached skill level 10 in Shields
 29378 | Swamp:1  | Identified the +1 plate armour of Inaction {rC++}
 29379 | Swamp:1  | HP: 4/119 [eleionoma/spray of wooden splinters (14)]
 30628 | Swamp:2  | Noticed a thorn hunter
 30876 | Swamp:1  | Killed a thorn hunter
 31186 | Swamp:2  | Noticed Jorgrun
 31188 | Swamp:2  | Reached skill level 10 in Dodging
 31216 | Swamp:2  | Killed Jorgrun
 31763 | Swamp:2  | Noticed a thorn hunter
 31786 | Swamp:2  | Killed a thorn hunter
 31817 | Swamp:2  | Noticed Donald
 31835 | Swamp:2  | Killed Donald
 32785 | Swamp:2  | HP: 1/117 [eight-headed hydra (8)]
 32785 | Swamp:2  | Slain by an eight-headed hydra

Illustrated notes

Levels and vault maps discovered:
D:1:      psy_arrival_conway, layout_loops_corners, serial_glass,
          glass_columns_a, glass_columns_c
D:2:      wander_river, layout_basic, uniq_jessica
D:3:      layout_basic, kennysheep_generic_room_10, uniq_crazy_yiuf_cottage
D:4:      layout_gridville, fedhas_altar_4, nicolae_overflow_hidden_temple,
          serial_shops, shop
D:5:      layout_rooms, chequers_serial_rivers_room_a, uniq_menkaure
D:6:      layout_loops_cross, minmay_temple_entry_junction_2, uniq_pikel
D:7:      layout_basic, minivault_4
D:8:      layout_basic, due_unseen_surprise, uniq_prince_ribbit1
D:9:      layout_loops_ring, erik_lair_orcish_takeover, dk_noncrumbling_2
D:10:     layout_loops_ring
D:11:     layout_roguey, gammafunk_ghost_wrathful_warriors
D:12:     layout_grid_maze, erik_orc_4, uniq_psyche
D:13:     layout_roguey, chequers_arboretum, drop_trap, grunt_potential,
          uniq_kirke
D:14:     layout_loops_cross, hangedman_vaults_entry_quadrant_bands
Temple:   mainiacjoe_temple_big_plus
Lair:1:   layout_gridlike, portal_ice_cave_entry_ice_simulacra,
          infiniplex_staircase_pool
Lair:2:   cheibrodos_lair_river_kwai, layout_chaotic_city,
          spider_nest_entry_rubble, gauntlet_entry_generic
Lair:3:   layout_gridlike, hellmonk_ghost_happy_afterlife, uniq_fannar
Lair:4:   layout_roguey [special_room_bee], skrybe_swamp_entry_bodies,
          cheibrodos_lair_caveside_slide, uniq_snorg, uniq_sonja
Lair:5:   layout_regular_city, minmay_slime_entry_oklob_open,
          nicolae_lair_time_for_slime
Lair:6:   evil_forest, layout_cellular_growth, basic_altar, grunt_megastairs_1
Swamp:1:  layout_falls_marsh, nicolae_swamp_feature_on_the_river_bank,
          swamp_pool5, nicolae_swamp_oklob_treasure_island
Swamp:2:  layout_falls_marsh, nicolae_swamp_small_spring,
          hangedman_swamp_diagram, nicolae_swamp_stuck_in_the_mud, uniq_donald,
          uniq_jorgrun
Swamp:3:  layout_basic_swamp, evilmike_swamp_ruin_house_6,
          nicolae_swamp_orc_logging_accident, swamp_pool2,
          nicolae_swamp_necromancer_hut, uniq_mara
Orc:1:    layout_caves, serial_shops, shop
Orc:2:    grunt_orc_community_town_hall, layout_caves,
          grunt_orc_community_big_house_1, grunt_orc_community_big_house_2,
          grunt_orc_community_house_2, grunt_orc_community_house_2,
          grunt_orc_community_house_3, grunt_orc_community_house_1,
          grunt_orc_community_house_2, serial_shops, shop

Skill      XL: |  1  2  3  4  5  6  7  8  9 10 11 12 13 14 15 |
---------------+----------------------------------------------+-----
Armour         | 3 4 5 6 7 8 9 |  9.9
Shields        | 3 4 5 6 8 9 10 | 10.5
Short Blades   | 2 3 4 5 7 8 9 11 12 13 | 13.7
Dodging        | 1 2 3 4 6 7 8 9 10 | 10.1
Throwing       | 1 2 3 4 |  4.3
Fighting       | 4 5 6 8 9 10 11 | 11.4
Stealth        | 2 3 4 5 6 8 9 10 | 10.6
Evocations     | |  0.8

Action                   |  1- 3 |  4- 6 |  7- 9 | 10-12 | 13-15 || total
-------------------------+-------+-------+-------+-------+-------++-------
Melee: Rapier            |   103 |   141 |   244 |   720 |       ||  1208
       Tailslap          |     8 |    14 |    34 |   185 |   340 ||   581
       Dagger            |       |       |       |   149 |  1783 ||  1932
Throw: Stone             |    18 |    35 |       |       |       ||    53
       Boomerang         |       |     8 |    24 |     6 |     7 ||    45
Invok: Lunge             |       |       |    16 |    75 |   131 ||   222
       Whirlwind         |       |       |       |    46 |    96 ||   142
       Serpent's Lash    |       |       |       |     3 |     1 ||     4
       Heavenly Storm    |       |       |       |       |     2 ||     2
 Abil: Wall Jump         |       |       |       |    15 |    48 ||    63
Evoke: Phial of floods   |       |       |       |       |     2 ||     2
       Condenser vane    |       |       |       |       |     2 ||     2
       Phantom mirror    |       |       |       |       |     1 ||     1
       Piece from Xom's  |       |       |       |       |     1 ||     1
  Use: Potion            |     1 |     7 |     1 |     5 |     5 ||    19
       Scroll            |       |    10 |     6 |     9 |     8 ||    33
 Stab: Invisible         |       |     2 |       |       |       ||     2
       Sleeping          |       |     5 |     6 |    18 |    31 ||    60
       Distracted        |       |       |       |     1 |    10 ||    11
       Confused          |       |       |       |       |     4 ||     4
Armor: Scale mail        |    77 |    36 |       |       |       ||   113
       Ring mail         |       |    28 |   124 |   362 |   322 ||   836
       Swamp dragon scal |       |       |       |       |   124 ||   124
Dodge: Dodged            |    59 |    51 |   102 |   299 |   501 ||  1012
Block: Buckler           |    28 |    21 |    41 |   142 |   483 ||   715
       Reflection        |       |       |       |       |    15 ||    15
       Other             |       |       |       |       |     8 ||     8

Table legend: (Time is in decaauts)
 A = Elapsed time spent in this place.
 B = Non-inter-level travel time spent in this place.
 C = Inter-level travel time spent in this place.
 D = Time resting spent in this place.
 E = Time spent auto-exploring this place.
 F = Levels seen in this place.
 G = Mean time per level.
                   A        B        C        D        E       F      G
               +--------+--------+--------+--------+--------+-----+--------+
         Total |  32538 |  31084 |   1454 |   6658 |  14865 |  27 | 1205.1 |
       Dungeon |  15238 |  14634 |    604 |   2651 |   7669 |  14 | 1088.4 |
        Temple |    271 |    271 |      0 |      0 |    216 |   1 |  271.0 |
          Lair |   8345 |   7606 |    739 |    989 |   4315 |   6 | 1390.8 |
         Swamp |   4360 |   4288 |     72 |   2038 |   1181 |   3 | 1453.3 |
  Orcish Mines |   3113 |   3076 |     37 |    646 |   1077 |   2 | 1556.5 |
      Ice Cave |   1210 |   1210 |      0 |    334 |    406 |   1 | 1210.0 |
               +--------+--------+--------+--------+--------+-----+--------+

Top non-repeatable levels by time:
 Swamp:1: 2598 daAuts
    D:12: 2206 daAuts
    D:11: 2085 daAuts
  Lair:6: 1951 daAuts
 Swamp:2: 1741 daAuts
   Orc:2: 1587 daAuts
    D:10: 1566 daAuts
  Lair:2: 1530 daAuts
   Orc:1: 1525 daAuts
  Lair:4: 1480 daAuts
  Lair:5: 1411 daAuts
     D:9: 1297 daAuts
  Lair:3: 1214 daAuts
   IceCv: 1210 daAuts
     D:8: 1188 daAuts
